 Dungeon Crawl Stone Soup version 0.28.0-45-g0d030f2227 (webtiles) character file.

Game seed: 14584617510958997799

182 GreyArmor the Skirmisher (level 5, -14/30 HPs)
             Began as a Gargoyle Chaos Knight on Apr 24, 2022.
             Was a Plaything of Xom.
             Demolished by an ogre
             ... wielding a +0 giant club
              (20 damage)
             ... on level 4 of the Dungeon.
             The game lasted 00:17:45 (3558 turns).

GreyArmor the Skirmisher (Gargoyle Chaos Knight)    Turns: 3558, Time: 00:17:46

Health: -14/30     AC:  9    Str: 19    XL:     5   Next: 61%
Magic:  4/4        EV: 11    Int: 15    God:    Xom [..*...]
Gold:   31         SH:  2    Dex:  7    Spells: 4/4 levels left

rFire   + . .      SeeInvis .   o - +1 dagger (venom)
rCold   + . .      Faith    .   f - +0 buckler
rNeg    + . .      Spirit   .   b - +2 leather armour
rPois   ∞          Reflect  .   (no helmet)
rElec   +          Harm     .   e - scarf {rC+ rF+}
rCorr   .          Rampage  .   (no gloves)
Will    .....                   (no boots)
Stlth   ++........              (no amulet)
HPRegen 0.10/turn               (no ring)
MPRegen 0.09/turn               (no ring)

@: no status effects
A: sickness immunity, AC +4, negative energy resistance 1, electricity
resistance, torment resistance 1, petrification resistance, camouflage 1, clever
1, clumsy 1, frail 1, low MP 1, strong 1
a: Renounce Religion


You were on level 4 of the Dungeon.
You worshipped Xom.
You were a toy of Xom.
You visited 1 branch of the dungeon, and saw 4 of its levels.

You collected 121 gold pieces.
You spent 90 gold pieces at shops.

Inventory:

Hand Weapons
 a - a +0 mace of chaos
 d - a +1 dagger of draining
 j - a +2 dagger of draining
 o - a +1 dagger of venom (weapon)
Missiles
 i - 2 curare-tipped darts (quivered)
 l - 56 stones
Armour
 b - a +2 leather armour (worn)
 c - a +0 ring mail
 e - a scarf of resistance (worn)
 f - a +0 buckler (worn)
Magical Staves
 k - a staff of air
Wands
 h - a wand of acid (3)
Scrolls
 g - 2 scrolls of teleportation
 p - a scroll of fear
Potions
 m - a potion of haste {unknown}
 n - a potion of curing


   Skills:
 + Level 4.3 Fighting
 + Level 4.0 Maces & Flails
 + Level 3.6 Armour
 + Level 2.1 Dodging


You had 4 spell levels left.
You didn't know any spells.
Your spell library was empty.

Dungeon Overview and Level Annotations

Branches:
Dungeon (4/15)
 Temple: D:4-7

Altars:
Cheibriados
Yredelemnul

Shops:
D:2 !


Innate Abilities, Weirdness & Mutations

You are immune to sickness and miasma.
Your stone body is resilient. (AC +4)
You are immune to poison.
You resist negative energy. (rN+)
You are resistant to electric shocks. (rElec)
You are resistant to unholy torment.
You are immune to petrification.
Your skin changes colour to match your surroundings (Stealth+).
Your mind is acute. (Int +2)
You are clumsy. (Dex -2)
You are frail. (-10% HP)
Your magical capacity is low. (-10% MP)
Your muscles are strong. (Str +2)


Message History

You kill the orc!
You hit the orc.
The orc is poisoned.
The orc is heavily wounded.
The orc closely misses you.
You barely miss the orc.
The orc is almost dead.
The orc closely misses you.
You hit the orc.
You kill the orc!
Your Maces & Flails skill increases to level 4!
You barely miss the orc. The orc hits you with a +0 whip.
The orc closely misses you.
You hit the orc.
The orc is poisoned.
The orc is lightly wounded.
The orc hits you but does no damage.
You closely miss the orc.
The orc is severely wounded.
The orc hits you but does no damage.
You hit the orc.
You kill the orc!
Items here: )))) [ †.
An ogre comes into view. It is wielding a +0 giant club.
The ogre shouts!
Items here: )))) [ †.
You closely miss the ogre. The ogre barely misses you.
You hit the ogre.
The ogre is lightly wounded.
The ogre misses you.
You hit the ogre but do no damage.
The ogre is poisoned.
The ogre is lightly wounded.
You hit the ogre but do no damage.
The ogre looks as sick as possible!
The ogre is lightly wounded.
The ogre hits you with a +0 giant club!
* * * LOW HITPOINT WARNING * * *
You hit the ogre but do no damage.
The ogre looks as sick as possible!
The ogre is moderately wounded.
The ogre hits you with a +0 giant club!!
Ouch! That really hurt!
You die...
Xom giggles madly!

#......#...............#
#..<...#.........J.....#
#......###......_......
#.....####....†.......
#...<....#...........#
#.)....#..###.....####
#....#...## #.....#
#.........###.....#
#...#......@O...###
#...#....########
#.####...# #..# #...#
##.# #...# ###.###...#
#.†...##### #.....#
#.....#


You could see an ogre (extremely poisoned).

Vanquished Creatures
  An orc priest (D:3)
  4 adders
  2 worms
  A dart slug (D:3)
  7 orcs
  5 endoplasms
  6 giant cockroaches
  6 goblins
  A hobgoblin (D:2)
  4 jackals (D:1)
  5 kobolds
  3 quokkas (D:1)
  8 ball pythons
  4 bats
  2 frilled lizards (D:2)
  4 rats
63 creatures vanquished.

Vanquished Creatures (others)
  A bullfrog (D:3)
  An orc (D:3)
2 creatures vanquished.

Grand Total: 65 creatures vanquished

Notes
Turn   | Place    | Note
-------+----------+-------------------------------------------
     0 | D:1      | GreyArmor the Gargoyle Chaos Knight began the quest for the
                  | Orb.
     0 | D:1      | Reached XP level 1. HP: 14/14 MP: 1/1
    86 | D:1      | XOM: divination: magic mapping
   146 | D:1      | XOM: silly message
   294 | D:1      | Reached skill level 1 in Dodging
   311 | D:1      | Reached XP level 2. HP: 19/19 MP: 2/2
   462 | D:1      | Found a faded altar of an unknown god.
   491 | D:1      | XOM: silly message
   564 | D:1      | XOM: divination: detect items
   767 | D:1      | XOM: 1-stop teleportation journey
   809 | D:1      | XOM is BORED!
   998 | D:1      | Reached XP level 3. HP: 22/23 MP: 3/3
  1123 | D:1      | XOM: give mutations
  1123 | D:1      | Gained mutation: You occasionally shout uncontrollably at
                  | your foes. [Xom's mischief]
  1123 | D:1      | Gained mutation: You sometimes lose the ability to read
                  | scrolls when taking damage. [Xom's mischief]
  1123 | D:1      | Lost mutation: You sometimes lose the ability to read
                  | scrolls when taking damage. [Xom's mischief]
  1522 | D:2      | Found a basalt altar of Yredelemnul.
  1628 | D:2      | Found Plog's Distillery.
  1633 | D:2      | Bought a potion of curing for 30 gold pieces
  1633 | D:2      | Bought a potion of curing for 30 gold pieces
  1674 | D:2      | Bought a potion of curing for 30 gold pieces
  1694 | D:2      | Lost mutation: You occasionally shout uncontrollably at
                  | your foes. [potion of mutation]
  1694 | D:2      | Gained mutation: You have sharp toenails. [potion of
                  | mutation]
  1698 | D:2      | Lost mutation: You have sharp toenails. [potion of
                  | mutation]
  1698 | D:2      | Gained mutation: Your muscles are strong. (Str +2) [potion
                  | of mutation]
  1698 | D:2      | Gained mutation: Your skin changes colour to match your
                  | surroundings (Stealth+). [potion of mutation]
  1937 | D:2      | XOM: noise
  2089 | D:3      | XOM: 6-stop teleportation journey
  2100 | D:3      | XOM: stat loss: -1 Dex (8/9)
  2185 | D:3      | XOM: summons 2 hostile demons
  2186 | D:3      | Noticed a neqoxec
  2186 | D:3      | Gained mutation: You are frail. (-10% HP) [a neqoxec]
  2189 | D:3      | Gained mutation: You are clumsy. (Dex -2) [a neqoxec]
  2201 | D:3      | XOM: polymorph quokka -> adder
  2221 | D:3      | Reached XP level 4. HP: 18/26 MP: 4/4
  2225 | D:3      | Gained mutation: Your magical capacity is low. (-10% MP) [a
                  | neqoxec]
  2237 | D:3      | XOM: scenery: summon butterflies
  2570 | D:3      | Reached XP level 5. HP: 18/29 MP: 4/4
  2596 | D:3      | XOM: polymorph something unseen -> bullfrog
  2600 | D:3      | XOM: divination: detect creatures
  2602 | D:3      | XOM: confuse monster(s)
  2608 | D:3      | XOM: destruction
  2611 | D:3      | XOM: destruction
  3094 | D:3      | XOM: give mutation
  3094 | D:3      | Gained mutation: Your mind is acute. (Int +2) [Xom's grace]
  3217 | D:3      | XOM: cloud trail
  3493 | D:4      | Found a snail-covered altar of Cheibriados.
  3544 | D:4      | Noticed an ogre
  3558 | D:4      | Demolished by an ogre

Illustrated notes

Levels and vault maps discovered:
D:1:      ncdulo_watergridlock, layout_basic,
          hellmonk_ecumenical_altar_lost_god, serial_park_tiny_2
D:2:      layout_loops_ring, basic_altar, serial_shops, nicolae_shop_crystal
D:3:      layout_loops_corners, hangedman_glass_garden, st_stairs_10
D:4:      layout_rooms, slow_altar_1, uniq_natasha

Skill      XL: |  1  2  3  4  5 |
---------------+----------------+-----
Dodging        | 1 2 |  2.1
Armour         | 3 |  3.6
Fighting       | 4 |  4.3
Maces & Flails | 4 |  4.0

Action                   |  1- 3 |  4- 6 || total
-------------------------+-------+-------++-------
Melee: Mace              |   113 |    55 ||   168
       Punch             |     1 |       ||     1
       Dagger            |       |    52 ||    52
  Use: Scroll            |     2 |     1 ||     3
       Potion            |     6 |     3 ||     9
 Stab: Sleeping          |     2 |     3 ||     5
Armor: Leather armour    |   102 |    39 ||   141
Dodge: Dodged            |   110 |    59 ||   169
Block: Buckler           |     8 |    13 ||    21
